[Event "*** Titled Tuesday Blitz"]
[Site "Chess.com"]
[Date "2018.01.02"]
[Round "1"]
[White "ChainsOfFantasia"]
[Black "chesstatour"]
[Result "1-0"]
[WhiteElo "2445"]
[BlackElo "2034"]
[TimeControl "180+2"]
[EndTime "13:06:38 PST"]
[Termination "ChainsOfFantasia won by resignation"]

1. d4 f5 2. Bf4 Nf6 3. e3 g6 4. h4 Bg7 5. h5 Nxh5 6. Rxh5 gxh5 7. Qxh5+ Kf8 8. Qxf5+ Kg8 9. Nc3 e6 10. Qh5 Qf6 11. Nb5 Na6 12. Qe8+ Qf8 13. Qxf8+ Bxf8 14. Nxc7 Nxc7 15. Bxc7 d5 16. Nf3 Bg7 17. c4 Bd7 18. c5 Rc8 19. Be5 Kf7 20. Bxg7 Kxg7 21. Ne5 Rhd8 22.
Be2 Be8 23. Bg4 Bf7 24. Kd2 b6 25. c6 h6 26. b4 Kf6 27. b5 a6 28. a4 Ra8 29. Nd7+ Kg5 30. Nxb6 Kxg4 31. Nxa8 Rxa8 32. b6 Be8 33. b7 Rb8 34. c7 1-0

[Event "*** Titled Tuesday Blitz"]
[Site "Chess.com"]
[Date "2018.01.02"]
[Round "1"]
[White "Muracle"]
[Black "jup1978"]
[Result "1-0"]
[WhiteElo "2502"]
[BlackElo "2207"]
[TimeControl "180+2"]
[EndTime "13:06:39 PST"]
[Termination "Muracle won by resignation"]

1. Nf3 d5 2. g3 c6 3. Bg2 Bg4 4. O-O Nd7 5. d4 e6 6. c4 Ngf6 7. Nc3 Bxf3 8. Bxf3 Bb4 9. cxd5 exd5 10. a3 Bd6 11. e4 dxe4 12. Nxe4 Nxe4 13. Bxe4 O-O 14. Qc2 Nf6 15. Bg5 h6 16. Bxf6 Qxf6 17. Rad1 Rac8 18.
Qb1 b6 19. b4 Rfd8 20. Bg2 c5 21.
dxc5 bxc5 22. b5 Bc7 23. a4 Bb6 24. Qa2 Ba5 25. Qc4 Bb6 26. Bd5 g6 27. Bb7 Rb8 28.
Bg2 Kg7 29. Ra1 Qd4 30. Qxd4+ cxd4 31. a5 Bc5 32. b6 Rd7 33. b7 a6 34. Rfc1 Bb4 35.
Rc8 Rd8 36. Rxd8 Rxd8 37. Rb1 Bd6 38. Rb6 Bc7 39. Rc6 Be5 40. Rc8 Rd6 41. b8=Q 1-0

[Event "*** Titled Tuesday Blitz"]
[Site "Chess.com"]
[Date "2018.01.02"]
[Round "1"]
[White "ChessQueen"]
[Black "hypert"]
[Result "1-0"]
[WhiteElo "2605"]
[BlackElo "2313"]
[TimeControl "180+2"]
[EndTime "13:06:45 PST"]
[Termination "ChessQueen won on time"]

1. e4 c5 2. c3 d5 3. exd5 Qxd5 4. d4 Nc6 5. Nf3 Bf5 6. Be3 Nf6 7. c4 Qd7 8. d5 Nb4 9. Na3 e6 10. dxe6 Qxe6 11.
Qa4+ Qd7 12. Qxd7+ Bxd7 13. Be2 Be7 14. O-O O-O 15.
Ne5 Be6 16. Rfc1 Rad8 17. Nb5 a6 18. a3 axb5 19. axb4 bxc4 20. bxc5 Ne4 21. Bxc4 Bxc4 22. Rxc4 Nd2 23. Rb4 Bf6 24. Ng4 Rfe8 25. Nxf6+ gxf6 26. h3 1-0

[Event "*** Titled Tuesday Blitz"]
[Site "Chess.com"]
[Date "2018.01.02"]
[Round "1"]
[White "joppie2"]
[Black "abruptum"]
[Result "1-0"]
[WhiteElo "2609"]
[BlackElo "2318"]
[TimeControl "180+2"]
[EndTime "13:06:46 PST"]
[Termination "joppie2 won on time"]

1. e4 g6 2. d4 Bg7 3. Nf3 d6 4.
Bd3 Nf6 5. O-O O-O 6. Re1 Nc6 7.
c3 Bg4 8. Nbd2 e5 9. h3 Bd7 10. a3 Re8 11. b4 d5 12. dxe5 Nxe5 13. Nxe5 Rxe5 14. Nf3 Re8 15. e5 Ne4 16. Bxe4 dxe4 17.
Rxe4 Bc6 18. Rd4 Qc8 19. Bf4 Qf5 20. g4 Bxf3 21. Qxf3 Qc2 22. Qxb7 Qxc3 23. Rad1 Qxh3 24. Bg3 Rac8 25. Qf3 Bxe5 26. Rd7 Rf8 27. Re1 Bxg3 28. fxg3 Qh6 29. Qf4 Qh3 30. Ree7 1-0

[Event "*** Titled Tuesday Blitz"]
[Site "Chess.com"]
[Date "2018.01.02"]
[Round "1"]
[White "CookiesAndIceCream"]
[Black "Vrolijk"]
[Result "0-1"]
[WhiteElo "2041"]
[BlackElo "2447"]
[TimeControl "180+2"]
[EndTime "13:06:47 PST"]
[Termination "Vrolijk won by checkmate"]

1. e4 c6 2. d4 d5 3. e5 Bf5 4. Nf3 e6 5. Be2 Ne7 6. O-O Ng6 7. Nbd2 Nf4 8. Nb3 Nxe2+ 9. Qxe2 Be7 10. a4 Kf8 11. a5 Kg8 12. Be3 h6 13. Ne1 Kh7 14. Nd3 Rf8 15. g4 Bg6 16. f4 Be4 17. Nf2 Bg6 18. Nd3 f5 19. exf6 Bxf6 20. Ne5 Bxe5 21. fxe5 Nd7 22. Rxf8 Qxf8 23. Rf1 Qe7 24. h3 Rf8 25.
Kh2 Rxf1 26. Qxf1 Bxc2 27. Nc5 Nxc5 28. dxc5 Qe8 29. Qe1 Qg6 30. Qb4 Qd3 31. Bf2 Qf1 32.
Kg3 Be4 33. Qd2 Qg2+ 34. Kf4 Qf3# 0-1

[Event "*** Titled Tuesday Blitz"]
[Site "Chess.com"]
[Date "2018.01.02"]
[Round "1"]
[White "Kirill_Klukin"]
[Black "tteshan"]
[Result "1-0"]
[WhiteElo "2441"]
[BlackElo "2021"]
[TimeControl "180+2"]
[EndTime "13:06:48 PST"]
[Termination "Kirill_Klukin won by resignation"]

1. d4 d5 2. Nf3 Nf6 3. c4 dxc4 4. e3 Bg4 5. Bxc4 e6 6. O-O a6 7. h3 Bh5 8. Nc3 Nbd7 9. Qe2 c5 10. Rd1 cxd4 11.
Rxd4 Bc5 12. Rd1 Qe7 13. a3 O-O 14. g4 Bg6 15. b4 Bd6 16. Bb2 Nb6 17. Bb3 Ne4 18.
Nxe4 Bxe4 19. Ne5 Bd5 20. Bxd5 Nxd5 21. Nc4 Rfd8 22. Qf3 Rac8 23. Rac1 b5 24. Na5 Qd7 25. e4 Rxc1 26. Bxc1 Ne7 27. e5 Nc8 28. exd6 Nxd6 29. Bf4 Qe7 30. Nc6 Qb7 31. Rxd6 Rxd6 32. Bxd6 Qd7 33.
Ne7+ Kf8 34. Qa8+ Qe8 35. Ng6+ 1-0

[Event "*** Titled Tuesday Blitz"]
[Site "Chess.com"]
[Date "2018.01.02"]
[Round "1"]
[White "Rhinos1"]
[Black "ftorodent"]
[Result "0-1"]
[WhiteElo "2021"]
[BlackElo "2447"]
[TimeControl "180+2"]
[EndTime "13:07:00 PST"]
[Termination "ftorodent won on time"]

1. e4 c5 2. d4 cxd4 3. c3 Nf6 4. e5 Nd5 5. cxd4 e6 6. Nc3 Nxc3 7. bxc3 Qc7 8. Bb2 d6 9. Nf3 Nd7 10. Bb5 a6 11.
Bxd7+ Bxd7 12. O-O Be7 13. Re1 O-O 14. Qd2 Bc6 15.
Qf4 Bd5 16. exd6 Bxd6 17. Qh4 Bxf3 18. gxf3 Qc4 19. Re3 Rfd8 20. f4 Bf8 21. Rh3 h6 22. Rg3 g6 23. Bc1 Qe2 24. Be3 Rd5 25. Qh3 Rc8 26. Rxg6+ Kh7 27. Rg3 Rf5 0-1

[Event "*** Titled Tuesday Blitz"]
[Site "Chess.com"]
[Date "2018.01.02"]
[Round "1"]
[White "Andreikka"]
[Black "Usurpov"]
[Result "1-0"]
[WhiteElo "2733"]
[BlackElo "2395"]
[TimeControl "180+2"]
[EndTime "13:07:01 PST"]
[Termination "Andreikka won by resignation"]

1. d4 Nf6 2. c4 g6 3. Nc3 d5 4. cxd5 Nxd5 5. e4 Nxc3 6. bxc3 Bg7 7. Qa4+ Nd7 8. Nf3 O-O 9. Be2 c5 10. O-O Nb6 11. Qb3 cxd4 12. cxd4 Bg4 13. Ba3 Bxf3 14. Bxf3 Bxd4 15. Rad1 e5 16. Bxf8 Qxf8 17. Rc1 Rc8 18.
Bg4 Rxc1 19. Rxc1 Qd6 20. Rc2 Kg7 21. g3 h5 22. Be2 h4 23. Bg4 Qf6 24. Kg2 Qg5 25.
Qf3 Qe7 26. Qb3 hxg3 27. hxg3 a5 28. Qb5 Qd6 29. Qe8 Qf6 30. Bf3 Qd6 31. Rc1 Nd7 32. Rc8 Kf6 33. Rd8 1-0

[Event "*** Titled Tuesday Blitz"]
[Site "Chess.com"]
[Date "2018.01.02"]
[Round "1"]
[White "AndrewMcStone"]
[Black "Frolik67"]
[Result "0-1"]
[WhiteElo "2084"]
[BlackElo "2460"]
[TimeControl "180+2"]
[EndTime "13:07:05 PST"]
[Termination "Frolik67 won by resignation"]

1. d4 e6 2. c4 b6 3. e4 Bb7 4. Qc2 d5 5. cxd5 exd5 6. e5 c5 7. Bb5+ Nc6 8. Nf3 a6 9. Bxc6+ Bxc6 10. O-O Nh6 11. e6 fxe6 12. Ng5 Qf6 13. Re1 Bd7 14. Nxh7 Qf5 15. Qxf5 Nxf5 16. Nxf8 Kxf8 17. dxc5 bxc5 18. Bf4 Kf7 19. Nd2 Nd4 20. Rac1 Rac8 21. Be5 Bb5 22. b3 Ne2+ 23. Rxe2 Bxe2 24. f4 c4 25. Kf2 cxb3 26.
Rxc8 Rxc8 27. Kxe2 bxa2 28. Nb3 Rc2+ 29. Kf3 a5 30. Nxa5 Rc1 31. Nb3 Rb1 32. Na1 g6 33. Kg4 Rd1 34. g3 d4 35. Nb3 d3 36. h4 Rb1 37. Nd2 a1=Q 38. Bxa1 Rxa1 39. Kf3 Re1 40. Ne4 Rxe4 41. Kxe4 d2 0-1

[Event "*** Titled Tuesday Blitz"]
[Site "Chess.com"]
[Date "2018.01.02"]
[Round "1"]
[White "MITerryble"]
[Black "ramses135"]
[Result "1-0"]
[WhiteElo "2659"]
[BlackElo "2358"]
[TimeControl "180+2"]
[EndTime "13:07:08 PST"]
[Termination "MITerryble won by resignation"]

1. d4 f5 2. Bg5 g6 3. e3 Bg7 4. c4 Nf6 5. Nc3 O-O 6. h4 d6 7.
Nf3 Qe8 8. d5 e5 9. dxe6 Bxe6 10. Nd4 Bf7 11. Be2 Nc6 12. Ndb5 Rc8 13. Nd5 Nxd5 14.
cxd5 Ne7 15. Nc3 c6 16. dxc6 Nxc6 17. O-O Qe6 18. Bf3 h6 19. Bf4 Rfd8 20. Rc1 Qe7 21. Bd5 Kh7 22. Bg3 Bf6 23. h5 g5 24. Qd3 Bxd5 25.
Qxf5+ Kg7 26. Qg6+ Kf8 27. Nxd5 1-0

[Event "*** Titled Tuesday Blitz"]
[Site "Chess.com"]
[Date "2018.01.02"]
[Round "1"]
[White "mishanick"]
[Black "Babbelbox"]
[Result "1-0"]
[WhiteElo "2788"]
[BlackElo "2415"]
[TimeControl "180+2"]
[EndTime "13:07:11 PST"]
[Termination "mishanick won by checkmate"]

1. d4 e6 2. c4 d5 3. Nf3 Nf6 4. Nc3 Bb4 5. Bg5 dxc4 6. e4 b5 7. a4 c5 8. axb5 cxd4 9. Nxd4 e5 10. Nc6 Qxd1+ 11. Rxd1 Nxc6 12. bxc6 Be6 13. f3 a5 14. Kf2 Bxc3 15. bxc3 Ke7 16. f4 h6 17.
Bxf6+ Kxf6 18. f5 Bc8 19. Bxc4 Ba6 20. Rd6+ Kg5 21. Kf3 Kh4 22. Bxf7 a4 23. h3 Be2+ 24.
Kxe2 Kg3 25. Rg6+ Kf4 26. Rg4# 1-0

[Event "*** Titled Tuesday Blitz"]
[Site "Chess.com"]
[Date "2018.01.02"]
[Round "1"]
[White "ncdogan"]
[Black "gmmoranda"]
[Result "0-1"]
[WhiteElo "2391"]
[BlackElo "2721"]
[TimeControl "180+2"]
[EndTime "13:07:15 PST"]
[Termination "gmmoranda won by resignation"]

1. d4 Nf6 2. c4 e6 3. g3 c5 4. d5 exd5 5. cxd5 d6 6. Nc3 g6 7.
Nf3 Bg7 8. Bg2 O-O 9. O-O Re8 10.
Bf4 Na6 11. Qd2 Nc7 12. a4 b6 13. Rfe1 Ne4 14. Nxe4 Rxe4 15. Bh6 Bh8 16. Bg5 Qf8 17. Rab1 Rxa4 18. e4 f6 19. Bf4 Bg4 20. h3 Bxf3 21.
Bxf3 Re8 22. b4 Na6 23. Ra1 b5 24. Rxa4 bxa4 25. bxc5 Nxc5 26. h4 Qe7 27. Qb4 Nd3 28. Qc3 Nxe1 29. Qxe1 f5 30. Qa5 Be5 31. Bg5 Bf6 32. Bf4 Qd7 33. Bd1 Rxe4 0-1

[Event "*** Titled Tuesday Blitz"]
[Site "Chess.com"]
[Date "2018.01.02"]
[Round "1"]
[White "SergeiAza"]
[Black "Aariow"]
[Result "1-0"]
[WhiteElo "2675"]
[BlackElo "2378"]
[TimeControl "180+2"]
[EndTime "13:07:19 PST"]
[Termination "SergeiAza won by resignation"]

1. e4 e5 2. Nf3 Nf6 3. Nxe5 d6 4. Nf3 Nxe4 5. Nc3 Nxc3 6. dxc3 Be7 7. Be3 Nc6 8. Qd2 Be6 9. O-O-O Bxa2 10. b3 a5 11. Kb2 a4 12. Kxa2 axb3+ 13. Kxb3 Ra5 14. Kb2 Qa8 15. Bc4 d5 16. Bxd5 Ba3+ 17. Kb1 Bd6 18. Bc5 Rxc5 19. Rhe1+ Kf8 20. Bxc6 bxc6 21. Nd4 g6 22. Nb3 Rb5 23. Qd4 Rg8 24. Re2 Qa3 25. Rde1 Rxb3+ 26. cxb3 Qxb3+ 27. Rb2 1-0

[Event "*** Titled Tuesday Blitz"]
[Site "Chess.com"]
[Date "2018.01.02"]
[Round "1"]
[White "comedy_of_errors"]
[Black "timator"]
[Result "1-0"]
[WhiteElo "2572"]
[BlackElo "2298"]
[TimeControl "180+2"]
[EndTime "13:07:19 PST"]
[Termination "comedy_of_errors won by resignation"]

1. d4 Nf6 2. Bf4 e6 3. e3 d5 4.
Nf3 Bd6 5. Bg3 b6 6. Nbd2 Bb7 7. Bd3 c5 8. c3 Nc6 9. Qe2 Qe7 10. Ne5 Bxe5 11.
dxe5 Nd7 12. f4 O-O-O 13. O-O f5 14. exf6 gxf6 15. a4 h5 16. Bh4 a5 17. e4 d4 18. Nc4 e5 19. fxe5 Ncxe5 20. Nxe5 Qxe5 21. Bg3 Qg5 22. cxd4 cxd4 23. Bf4 Qg7 24. Rac1+ Nc5 25. Rc4 Rd7 26. Rfc1 Kd8 27. b4 Nxa4 28. bxa5 Nc3 29. Qb2 b5 30. Rxd4 Rxd4 31. Qxc3 Rd7 32. Bxb5 Bxe4 33.
Qc8+ 1-0

[Event "*** Titled Tuesday Blitz"]
[Site "Chess.com"]
[Date "2018.01.02"]
[Round "1"]
[White "Mr_Penings"]
[Black "nicegg"]
[Result "1-0"]
[WhiteElo "2437"]
[BlackElo "1999"]
[TimeControl "180+2"]
[EndTime "13:07:19 PST"]
[Termination "Mr_Penings won by resignation"]

1. c4 e5 2. Nc3 d6 3. g3 f5 4. Bg2 c6 5. d4 Nd7 6. Nf3 h6 7. Nh4 Qf6 8. d5 g5 9. dxc6 bxc6 10. Bxc6 Rb8 11. Nd5 Qf7 12. Nf3 Ne7 13. Nxe7 Bxe7 14. Bd5 Qf6 15. O-O Nb6 16. Bc6+ Kf8 17. b3 e4 18. Nd4 h5 19. f4 exf3 20. Rxf3 h4 21.
Qd3 g4 22. Rf1 hxg3 23. hxg3 Rh3 24. Nxf5 Qxa1 25. Bh6+ Rxh6 26. Rxa1 Rf6 27. Rf1 d5 28. Nxe7 Kxe7 29. Qh7+ 1-0

[Event "*** Titled Tuesday Blitz"]
[Site "Chess.com"]
[Date "2018.01.02"]
[Round "1"]
[White "MatthewG-p4p"]
[Black "EmreDedebas"]
[Result "1-0"]
[WhiteElo "2636"]
[BlackElo "2348"]
[TimeControl "180+2"]
[EndTime "13:07:20 PST"]
[Termination "MatthewG-p4p won by resignation"]

1. c4 e5 2. Nc3 Nc6 3. g3 Bc5 4. Bg2 d6 5. Nf3 a6 6. O-O Nge7 7. d3 Ba7 8. Rb1 O-O 9. b4 Bf5 10. h3 Qd7 11. Kh2 Rab8 12. a4 Nd4 13. Ne1 Ne6 14. e3 Bg6 15. b5 axb5 16. axb5 f5 17. f4 Bb6 18. Na4 Ba5 19. Nf3 e4 20. dxe4 fxe4 21.
Nd4 Rbe8 22. Nb3 Bb4 23. Nd4 Ba5 24. g4 Bf7 25. Bb2 Nc8 26. Nf5 Nb6 27. Rc1 Nxa4 28. Qxa4 Bb6 29. Qc2 Bg6 30. Bxe4 Nc5 31. Bd5+ Kh8 32.
Bd4 Bxf5 33. gxf5 Qxf5 34. Qxf5 Rxf5 35. Rg1 Re7 36. Ra1 h5 37. Ra8+ Kh7 38. Bg8+ Kh6 39. Be6 1-0

[Event "*** Titled Tuesday Blitz"]
[Site "Chess.com"]
[Date "2018.01.02"]
[Round "1"]
[White "geeeeri"]
[Black "Diwi89"]
[Result "0-1"]
[WhiteElo "2398"]
[BlackElo "2730"]
[TimeControl "180+2"]
[EndTime "13:07:22 PST"]
[Termination "Diwi89 won by resignation"]

1. e4 c5 2. Nf3 Nc6 3. d3 e5 4. Nbd2 Nge7 5. g3 g6 6. Bg2 Bg7 7. O-O O-O 8. a4 d5 9. exd5 Nxd5 10. h3 Re8 11. Nc4 h6 12. Re1 f6 13. Ne3 Be6 14.
Kh2 Bf7 15. Ng4 Kh7 16. Bd2 h5 17. Ne3 Qd7 18. h4 Rad8 19. Bh3 Qc7 20. Nxd5 Bxd5 21. Bc3 Nd4 22. Bg2 Be6 23. Nd2 Bg4 24. f3 Bf5 25.
Bxd4 cxd4 26. Nc4 Bh6 27. a5 Be6 28. b3 Bd5 29. Qe2 Bg7 30. Bh3 f5 31. Qf2 Re7 32. Re2 Rde8 33. Bg2 Bf6 34. Kg1 Kg7 35. Bh3 Qc5 36. c3 Qc6 37. cxd4 Bxf3 38. Re3 e4 39. dxe4 Bxd4 40. Qxf3 Bxa1 41. exf5 Rxe3 0-1

[Event "*** Titled Tuesday Blitz"]
[Site "Chess.com"]
[Date "2018.01.02"]
[Round "1"]
[White "OparinGrigoriy"]
[Black "TheNomNomFactor"]
[Result "1/2-1/2"]
[WhiteElo "2727"]
[BlackElo "2409"]
[TimeControl "180+2"]
[EndTime "13:07:30 PST"]
[Termination "Game drawn by repetition"]

1. e4 e5 2. Nf3 Nc6 3. Bc4 Bc5 4.
c3 Nf6 5. d3 d6 6. O-O a6 7. a4 O-O 8. Nbd2 Ba7 9. h3 h6 10.
Re1 Re8 11. Qb3 Qe7 12. a5 b5 13. axb6 Bxb6 14. Qc2 Be6 15. Bxe6 Qxe6 16. Nc4 Bc5 17.
b4 Ba7 18. Be3 Bxe3 19. Rxe3 d5 20. exd5 Qxd5 21. Rae1 e4 22. Nd4 Nxd4 23. cxd4 exd3 24. Rxe8+ Rxe8 25. Rxe8+ Nxe8 26. Qxd3 Qb5 27. Qc3 Nd6 28.
Ne5 Qb6 29. Qc5 Nb5 30. Qe7 Qe6 31. Qd8+ Kh7 32. Nd7 Qe1+ 33. Kh2 Qxf2 34. Nf8+ Kg8 35. Ng6+ Kh7 36. Nf8+ Kg8 37. Ng6+ Kh7 38. Nf8+ 1/2-1/2

[Event "*** Titled Tuesday Blitz"]
[Site "Chess.com"]
[Date "2018.01.02"]
[Round "1"]
[White "Jbd735"]
[Black "Maitreia"]
[Result "0-1"]
[WhiteElo "2282"]
[BlackElo "2569"]
[TimeControl "180+2"]
[EndTime "13:07:33 PST"]
[Termination "Maitreia won by resignation"]

1. e4 c5 2. Nf3 g6 3. c3 Nf6 4.
e5 Nd5 5. Bc4 Nb6 6. Bb3 c4 7.
Bc2 Nc6 8. d4 cxd3 9. Bxd3 Bg7 10. Qe2 d6 11. exd6 Qxd6 12. Nbd2 O-O 13. Ne4 Qc7 14. O-O h6 15. Nc5 e5 16. b4 Kh7 17. Bd2 f5 18. Bb5 e4 19. Bxc6 bxc6 20.
Nd4 Qe5 21. Nxc6 Qf6 22. Nd4 Nd5 23. f3 e3 24. Be1 a5 25. Rd1 axb4 26. cxb4 Re8 27.
Qc4 Nf4 28. Bc3 e2 29. Nxe2 Nxe2+ 30. Qxe2 Rxe2 31. Bxf6 Bxf6 32. a4 Be7 33. Rfe1 Rxe1+ 34. Rxe1 Bxc5+ 35. bxc5 Kg7 36. Re7+ Kf6 37. Re8 Bb7 38. Rxa8 Bxa8 39. Kf2 Ke5 40. g4 f4 41. a5 Kd5 42.
h4 Kxc5 43. g5 hxg5 44. hxg5 Kb5 45. Kg2 Kxa5 46. Kh3 Bxf3 47. Kh4 Bh5 48. Kh3 f3 49. Kg3 Kb4 0-1

[Event "*** Titled Tuesday Blitz"]
[Site "Chess.com"]
[Date "2018.01.02"]
[Round "1"]
[White "eldur16"]
[Black "PenguinPacks"]
[Result "1-0"]
[WhiteElo "2489"]
[BlackElo "2186"]
[TimeControl "180+2"]
[EndTime "13:07:37 PST"]
[Termination "eldur16 won by resignation"]

1. e4 c5 2. Nf3 e6 3. b3 Nc6 4.
Bb2 Nf6 5. Nc3 d5 6. exd5 exd5 7. d4 cxd4 8. Nxd4 Bc5 9. Bb5 O-O 10. Bxc6 bxc6 11.
O-O Qc7 12. Na4 Bd6 13. h3 Be5 14. Re1 Re8 15. Qf3 Bd7 16. Nc5 Qd6 17. Nd3 Ne4 18.
Rad1 Bf6 19. b4 a5 20. a3 axb4 21. axb4 Ra2 22. c4 Rxb2 23. Nxb2 Qxb4 24. cxd5 Bxd4 25. Nd3 Qe7 26. dxc6 Bxc6 27. Rc1 Ba8 28. Qg4 Qf6 29.
Rc8 Bxf2+ 30. Nxf2 Qxf2+ 31. Kh2 Bc6 32. Rxe8+ Bxe8 33. Qxe4 1-0

[Event "*** Titled Tuesday Blitz"]
[Site "Chess.com"]
[Date "2018.01.02"]
[Round "1"]
[White "Adham_Fawzy"]
[Black "BillieKimbah"]
[Result "0-1"]
[WhiteElo "2382"]
[BlackElo "2696"]
[TimeControl "180+2"]
[EndTime "13:07:42 PST"]
[Termination "BillieKimbah won by resignation"]

1. e4 e5 2. Nf3 Nc6 3. Bb5 a6 4. Bxc6 dxc6 5. O-O Bd6 6. d4 exd4 7. Qxd4 f6 8. e5 fxe5 9. Nxe5 Ne7 10. Bg5 Be6 11.
Qe3 Nf5 12. Qf4 Qc8 13. Nd2 h6 14. Ne4 hxg5 15. Nxg5 Rh4 16. Qd2 Bxe5 17. Nf3 Bf4 18. Qd3 Rh6 19. g3 Bd6 20. Rfe1 Ne7 21. Ng5 Qd7 22.
Qe3 Bf5 23. Rad1 b6 24. c4 c5 25. b4 O-O-O 26. Qf3 Qc6 27. Qe2 Rxh2 28. Ne4 Rdh8 29. Qf3 Rh1+ 0-1

[Event "*** Titled Tuesday Blitz"]
[Site "Chess.com"]
[Date "2018.01.02"]
[Round "1"]
[White "VerdeNotte"]
[Black "capatl"]
[Result "1-0"]
[WhiteElo "2669"]
[BlackElo "2373"]
[TimeControl "180+2"]
[EndTime "13:07:44 PST"]
[Termination "VerdeNotte won by checkmate"]

1. a3 d5 2. Nf3 g6 3. g3 Bg7 4. Bg2 Nf6 5. O-O O-O 6. d3 b6 7. c4 Bb7 8. cxd5 Nxd5 9. Qc2 c5 10. Nc3 Nc6 11. Nxd5 Qxd5 12. Be3 Rac8 13. Rab1 Nd4 14.
Qd2 Rfd8 15. b4 c4 16. Bxd4 Bxd4 17. dxc4 Qxc4 18. Nxd4 Rxd4 19. Qg5 Bxg2 20. Kxg2 f6 21. Qh6 Rcd8 22. Rfe1 Rd2 23. Qe3 e5 24. Rbc1 Qd5+ 25. Kg1 Rd7 26. Rc8+ Kg7 27. h4 Qb7 28. Rcc1 R2d4 29.
f3 Qd5 30. Kf2 Rd2 31. Rc8 Qa2 32. h5 g5 33. Qe4 Qd5 34. h6+ Kf7 35. Qxh7+ Ke6 36.
Qg8+ Kd6 37. h7 Qd4+ 38. Kg2 Qe3 39. Qf8+ Ke6 40. Rc6+ Kf5 41. Qxf6# 1-0

[Event "*** Titled Tuesday Blitz"]
[Site "Chess.com"]
[Date "2018.01.02"]
[Round "1"]
[White "Divertissement"]
[Black "Konavets"]
[Result "1/2-1/2"]
[WhiteElo "2416"]
[BlackElo "2743"]
[TimeControl "180+2"]
[EndTime "13:07:45 PST"]
[Termination "Game drawn by repetition"]

1. Nf3 Nf6 2. c4 b6 3. g3 Bb7 4.
Bg2 e5 5. O-O e4 6. Nd4 Nc6 7.
Nb3 a5 8. d3 a4 9. N3d2 exd3 10.
exd3 Be7 11. Nc3 a3 12. b3 O-O 13. Nb5 d5 14. Nf3 dxc4 15. dxc4 Qc8 16. Bf4 Rd8 17. Qe2 Bd6 18. Nxd6 cxd6 19. Bg5 Re8 20. Qd1 Ne4 21. Be3 Ra6 22. Nd4 Nc3 23. Qd2 Nxd4 24. Bxd4 Ne2+ 25.
Kh1 Ra8 26. Rae1 Bxg2+ 27. Kxg2 Qg4 28. Be3 Qe4+ 29. Kh3 Qf5+ 30. Kg2 Qe4+ 31. Kh3 Qf5+ 32. Kg2 Qe4+ 1/2-1/2

[Event "*** Titled Tuesday Blitz"]
[Site "Chess.com"]
[Date "2018.01.02"]
[Round "1"]
[White "BillCoe"]
[Black "colemman"]
[Result "0-1"]
[WhiteElo "1937"]
[BlackElo "2427"]
[TimeControl "180+2"]
[EndTime "13:07:50 PST"]
[Termination "colemman won by resignation"]

1. e4 c5 2. Nf3 e6 3. d4 cxd4 4. Nxd4 Nf6 5. Bd3 Nc6 6. Nxc6 bxc6 7. O-O d5 8. exd5 exd5 9. Re1+ Be7 10. c4 O-O 11.
cxd5 cxd5 12. Nc3 Bg4 13. Qa4 h6 14. Bf4 Bd7 15. Qd1 Bg4 16. Qa4 Bd7 17. Qd1 Be6 18. Qd2 Re8 19. Rad1 Qb6 20. a3 Rad8 21. Na4 Qb7 22.
b4 Ne4 23. Bxe4 dxe4 24. Qe3 Rxd1 25. Rxd1 Qa6 26. Nb2 Bf6 27. Rd2 Qc6 28. Nd1 Bg4 29.
h3 Bh5 30. g4 Bg6 31. Kg2 a6 32. g5 hxg5 33. Bg3 Bh5 34. Rd6 Bf3+ 35. Kh2 Qc2 36. Rd2 Qc4 37. h4 Qf1 0-1

[Event "*** Titled Tuesday Blitz"]
[Site "Chess.com"]
[Date "2018.01.02"]
[Round "1"]
[White "Superfelix"]
[Black "RobertoJBM"]
[Result "0-1"]
[WhiteElo "2269"]
[BlackElo "2556"]
[TimeControl "180+2"]
[EndTime "13:07:53 PST"]
[Termination "RobertoJBM won by resignation"]

1. e4 c6 2. Nc3 d5 3. Qe2 dxe4 4. Nxe4 Bf5 5. d3 e6 6. g3 Nd7 7. Bg2 Ngf6 8. Nf3 Be7 9. O-O O-O 10. b3 Rc8 11.
Bb2 h6 12. a4 a5 13. Rfe1 Re8 14. h3 Qc7 15. Nd4 Bh7 16. Nf3 Nd5 17. Rad1 Bb4 18. c3 Be7 19. d4 f5 20. Ned2 Bf6 21. Nc4 Bg6 22. Nce5 Bh5 23. Nxd7 Qxd7 24. Qd3 Bxf3 25. Bxf3 Rcd8 26. Qc4 Kh8 27. Ba3 Qc7 28. Re2 Nb6 29. Qd3 g6 30. Rde1 e5 31. Bg2 e4 32. Qd2 Bg5 33. Qc2 Qf7 34. h4 Bf6 35. h5 gxh5 36. Bc5 Nd5 37. Ba3 h4 38. Bc1 hxg3 39. fxg3 Qg6 40.
Kf2 Bg5 41. Rh1 Kg7 42. c4 Nb4 43. Qb2 Bxc1 44. Qc3 Nd3+ 45. Kf1 Bb2 46. Qc2 Bxd4 47. g4 Re7 48. Rd2 Qxg4 49. Rxd3 exd3 50. Qxd3 Bb6 51.
Qc3+ Qd4 52. Qg3+ Qg4 53. Qc3+ Bd4 54. Qd3 Re3 55. Qd2 Rde8 56. Be4 Re1+ 57. Qxe1 Rxe4 58.
Qd2 Qf3+ 0-1

[Event "*** Titled Tuesday Blitz"]
[Site "Chess.com"]
[Date "2018.01.02"]
[Round "1"]
[White "mokerslag"]
[Black "Keranke"]
[Result "1-0"]
[WhiteElo "2361"]
[BlackElo "2610"]
[TimeControl "180+2"]
[EndTime "13:07:56 PST"]
[Termination "mokerslag won on time"]

1. e4 g6 2. d4 Bg7 3. Nc3 d6 4. Nf3 a6 5. h3 b5 6. a3 Bb7 7. Be3 Nd7 8. Qd2 Rc8 9. d5 c6 10. dxc6 Bxc6 11. Rd1 Ngf6 12. Bd3 O-O 13. O-O Nc5 14.
e5 Nfd7 15. exd6 Bxf3 16. dxe7 Qxe7 17. gxf3 Ne5 18. Be2 Qh4 19. Kg2 Nc4 20. Bxc4 Qxc4 21. Qd5 Qxd5 22. Nxd5 Rfe8 23. Bd4 Bxd4 24. Rxd4 Kg7 25.
Rfd1 Re5 26. f4 Re2 27. R1d2 Rxd2 28. Rxd2 Rd8 29. Kf3 Na4 30. Rd3 Nxb2 31. Rb3 Rxd5 32. Rxb2 Rc5 33. a4 bxa4 34. Ra2 Rc4 35. Ke3 Kf6 36.
f3 Kf5 37. Ra3 Rxf4 38. Rc3 Rh4 39. Rc5+ Ke6 40. Rc6+ Ke7 41. Rxa6 1-0

[Event "*** Titled Tuesday Blitz"]
[Site "Chess.com"]
[Date "2018.01.02"]
[Round "1"]
[White "Kawhi_Leonard2"]
[Black "1stSecond"]
[Result "0-1"]
[WhiteElo "2159"]
[BlackElo "2474"]
[TimeControl "180+2"]
[EndTime "13:08:05 PST"]
[Termination "1stSecond won by resignation"]

1. e4 c5 2. Nf3 e6 3. d4 cxd4 4. Nxd4 Nc6 5. Nc3 Qc7 6. Nxc6 bxc6 7. Bd3 Nf6 8. Qe2 d5 9. O-O Be7 10. f4 h5 11. Kh1 h4 12. b3 Nh5 13. f5 Qe5 14.
Bd2 Bd6 15. g4 hxg3 16. Kg2 gxh2 17. Qf3 Qg3+ 18. Qxg3 Nxg3 19. Rfe1 h1=Q+ 20. Rxh1 Nxh1 21. Rxh1 Rxh1 22. Kxh1 d4 23. Ne2 exf5 24. exf5 c5 25. c3 Bb7+ 26. Kg1 O-O-O 27. cxd4 cxd4 28. Bf4 Bxf4 29.
Nxf4 Kd7 30. Kf2 Ke7 31. Nh5 Rh8 32. Nf4 Kf6 33. Kg3 Rh1 34. Ne2 Ke5 35. Kf2 Ra1 36. a4 Be4 37. Bc4 Bxf5 38. Bxf7 d3 39. Ng1 Bg4 40.
Nf3+ Bxf3 41. Kxf3 d2 0-1

[Event "*** Titled Tuesday Blitz"]
[Site "Chess.com"]
[Date "2018.01.02"]
[Round "1"]
[White "ZEN-22"]
[Black "Rsnr"]
[Result "0-1"]
[WhiteElo "2326"]
[BlackElo "2622"]
[TimeControl "180+2"]
[EndTime "13:08:08 PST"]
[Termination "Rsnr won by checkmate"]

1. e4 c6 2. Bc4 d5 3. Bb3 Nf6 4. e5 Nfd7 5. d4 c5 6. c4 dxc4 7. e6 cxb3 8. exf7+ Kxf7 9. Qxb3+ e6 10. Nf3 h6 11. Ne5+ Nxe5 12. dxe5 Nc6 13. O-O Nd4 14. Qd3 Bd7 15. Nc3 Bc6 16. Ne4 Bb5 17. Qh3 Bxf1 18. Kxf1 Qd5 19. Qh5+ g6 20. Qg4 Qxe5 21. Nc3 Qf5 22. Qg3 Be7 23. Be3 Nc2 24. Rd1 Nxe3+ 25.
Qxe3 Rhd8 26. Re1 Bg5 27. Qg3 Qd3+ 28. Qxd3 Rxd3 29. g3 Rad8 30. Ne4 Be7 31. Kg2 c4 32. Re2 b5 33. Rc2 a6 34. a4 R8d4 35. Nc3 b4 36. Ne2 Re4 37. f3 b3 38. Rd2 Rxd2 39. fxe4 Rxe2+ 40. Kf3 Rxb2 41. e5 Ra2 42. g4 c3 43. g5 c2 44.
gxh6 Kg8 45. h7+ Kxh7 46. h4 c1=Q 47. h5 Qf1+ 48. Ke3 Bg5+ 49. Kd4 Rd2+ 50. Kc5 Rd5+ 51. Kb6 Be3+ 52. Kb7 gxh5 53. a5 Qb5+ 54. Ka8 Rd8# 0-1